 Dungeon Crawl Stone Soup version 0.30-a0-141-g30f27751c5 (webtiles) character file.

Game seed: 16150088552166349410

3 Julmuri the Magician (level 1, -2/15 HPs)
             Began as a Djinni Fire Elementalist on Sept 25, 2022.
             Slain by a worm (5 damage)
             ... on level 1 of the Dungeon.
             The game lasted 00:02:25 (696 turns).

Julmuri the Magician (Djinni Fire Elementalist)      Turns: 696, Time: 00:02:26

Health: -2/15      AC:  2    Str:  7    XL:     1   Next: 55%
Gold:   23         EV: 12    Int: 16    God:
                   SH:  0    Dex: 13

rFire   + + .      SeeInvis .    c - staff of earth
rCold   x . .      Faith    .    (no shield)
rNeg    . . .      Spirit   .    a - +0 robe
rPois   ∞          Reflect  .    (no helmet)
rElec   .          Harm     .    (no cloak)
rCorr   .          Rampage  .    (no gloves)
Will    .....                    (boots unavailable)
Stlth   ++........               (no amulet)
HPRegen 0.05/turn                (no ring)
MPRegen 0.00/turn                (no ring)

@: flying
A: sickness immunity, fire resistance 2, cold vulnerability 1, float, innate
caster, HP casting, extra vitality 1
a: no special abilities


You were on level 1 of the Dungeon.
You visited 1 branch of the dungeon, and saw 1 of its levels.

You collected 23 gold pieces.

Inventory:

Missiles
 b - a throwing net
Armour
 a - a +0 robe (worn)
Magical Staves
 c - a staff of earth (weapon)
Scrolls
 d - a scroll of teleportation {unknown}
Potions
 e - a potion of heal wounds {unknown}


   Skills:
 + Level 2.2 Dodging
 + Level 1.5 Stealth
 + Level 2.5 Spellcasting


You couldn't memorise any spells.
You knew the following spells:

 Your Spells              Type           Power      Damage    Failure   Level
a - Foxfire               Conj/Fire      40%        2x1d6     7%          1
b - Scorch                Fire           20%        2d6       11%         2
c - Kindle Blastsparks    Fire/Tloc/Air  20%        2d11      21%         3
d - Inner Flame           Hex/Fire       10%        N/A       21%         3
e - Flame Wave            Conj/Fire      10%        2d6       56%         4
Your spell library was empty.

Dungeon Overview and Level Annotations

Branches:
Dungeon (1/15)

Altars:


Innate Abilities, Weirdness & Mutations

You are immune to sickness and miasma.
You are immune to poison.
Your flesh is very heat resistant. (rF++)
You are vulnerable to cold. (rC-)
You float through the air rather than walking.
You learn spells naturally, not from books.
Your magical power is your life essence.
You have superior vitality. (+4 MHP)


Message History

You conjure some foxfire!
Your foxfire dissipates!
The foxfire hits the worm.
The worm is lightly wounded.
The worm misses you.
You conjure some foxfire!
The foxfire hits the worm.
The worm is moderately wounded.
The foxfire hits the worm.
The worm is moderately wounded.
You conjure some foxfire!
Your foxfire dissipates!
You see here 8 gold pieces.
There is an escape hatch in the floor here.
You conjure some foxfire!
The foxfire hits the worm.
The worm is lightly wounded.
The foxfire hits the worm.
The worm is moderately wounded.
You conjure some foxfire!
The foxfire hits the worm but does no damage.
The worm is moderately wounded.
The foxfire hits the worm but does no damage.
The worm is moderately wounded.
The worm closely misses you.
You conjure some foxfire!
The foxfire hits the worm but does no damage.
The worm is moderately wounded.
The foxfire hits the worm.
The worm is heavily wounded.
You hit the worm.
The worm is heavily wounded.
You hit the worm.
The worm is severely wounded.
The worm bites you!
* * * LOW HITPOINT WARNING * * *
You hit the worm.
The worm is severely wounded.
The worm bites you.
You die...

# #.$$#
..###.....
#. #§..#
####..##...
#.###≈>.#
######..
###...#...#
####..
.........##
........
..........#
..#####.
..........+
+.
.......w..#
#.
.......@..#
#.
..........#
#.
..........#
#.
..........#
##
#.........#
.#........#
#........#
.........#


You could see a worm.

Vanquished Creatures
  A quokka (D:1)
  A ball python (D:1)
  A frilled lizard (D:1)
  A rat (D:1)
4 creatures vanquished.

Vanquished Creatures (others)
  23 foxfires (D:1)
23 creatures vanquished.

Grand Total: 27 creatures vanquished

Notes
Turn   | Place    | Note
-------+----------+-------------------------------------------
     0 | D:1      | Julmuri the Djinni Fire Elementalist began the quest for
                  | the Orb.
     0 | D:1      | Julmuri set off with the following spells memorised:
                  | Foxfire, Scorch, Kindle Blastsparks, Inner Flame, Flame
                  | Wave.
     0 | D:1      | Reached XP level 1. HP: 15/15 MP: 0/0
   696 | D:1      | Slain by a worm

Illustrated notes

Levels and vault maps discovered:
D:1:      dpeg_arrival_brainrot, layout_basic, serial_shops, shop,
          shapermc_ecumenical_altar_starsandcircs

Action                   || total
-------------------------++-------
Melee: Staff             ||     9
 Cast: Foxfire           ||    14
Armor: Robe              ||     4
Dodge: Dodged            ||    17

Table legend: (Time is in decaauts)
 A = Elapsed time spent in this place.
 B = Non-inter-level travel time spent in this place.
 C = Inter-level travel time spent in this place.
 D = Time resting spent in this place.
 E = Time spent auto-exploring this place.
 F = Levels seen in this place.
 G = Mean time per level.
                   A        B        C        D        E       F      G
               +--------+--------+--------+--------+--------+-----+--------+
         Total |    697 |    697 |      0 |    191 |    323 |   1 |  697.0 |
       Dungeon |    697 |    697 |      0 |    191 |    323 |   1 |  697.0 |
               +--------+--------+--------+--------+--------+-----+--------+

Top non-repeatable levels by time:
     D:1: 697 daAuts
